cohdb
Replays
Latest Replays
All Replays
Popular Replays
Top Player Replays
Match Explorer
How It Works
Community
CoH3 Stats
Reddit
Sign in to upload your games and track your stats! →
Sign in with Steam
Match 42807614
Unlisted
Match 42807614
Overview
Messages
Build Orders
End
Vickers Machine Gun Team
Construct Section Command Post
Selects Air and Sea Battlegroup
Infantry Section
Infantry Section
Construct Platoon Command Post
Vickers Machine Gun Team
Grenade Package
Construct Field Infirmary
Vickers Machine Gun Team
Selects Naval Blockade
6-pounder Anti-tank Gun Team
Construct Company Command Post
Infantry Section
Darius
Serjio Dragonis
tupapia
Papi micky
Thrusher
Kakashi
Trojan <x-
N0.1<x-
0
0
Comments
sign in to comment!
No comments posted yet!